 Dungeon Crawl Stone Soup version 0.17.1-2-g5865329 (webtiles) character file.

191 Clownie the Cudgeler (level 5, -1/41 HPs)
             Began as a Draconian Gladiator on Feb 3, 2016.
             Slain by an orc (3 damage)
             ... on level 3 of the Dungeon.
             The game lasted 00:03:11 (3228 turns).

Clownie the Cudgeler (Draconian Gladiator)          Turns: 3228, Time: 00:03:11

Health: -1/41      AC:  5    Str: 17    XL:     5   Next: 42%
Magic:  5/5        EV: 13    Int:  9    God:
Gold:   123        SH:  0    Dex: 12    Spells: 0 memorised, 4 levels left

rFire  . . .     SeeInvis .     e - +0 whip
rCold  . . .     Clarity  .     (armour unavailable)
rNeg   . . .     SustAt   .     (no shield)
rPois  .         Gourm    .     b - +0 hat
rElec  .         Spirit   .     (no cloak)
rCorr  .         Warding  .     (no gloves)
rMut   .         Stasis   .     (no boots)
MR     .....                    (no amulet)
Stlth  +.........               (no ring)
                                j - ring of wizardry

@: not resistant to hostile enchantments, very unstealthy
A: unfitting armour, cold-blooded, AC +5
a: no special abilities


You were on level 3 of the Dungeon.
You were near starving.

You visited 1 branch of the dungeon, and saw 4 of its levels.

You collected 123 gold pieces.

Inventory:

Hand Weapons
 e - a +0 whip (weapon)
Missiles
 c - 2 throwing nets (quivered)
 h - 3 silver javelins
Armour
 b - a +0 hat (worn)
Jewellery
 j - a ring of wizardry (left hand)
Wands
 n - a wand of slowing (31)
Scrolls
 a - 3 scrolls of identify
 i - a scroll of teleportation
 l - a scroll of blinking {unknown}
 o - a scroll of enchant armour {unknown}
Comestibles
 d - 2 bread rations
 f - a meat ration
 g - a royal jelly


   Skills:
 - Level 2.1 Fighting
 + Level 5.0 Maces & Flails
 - Level 1.7 Throwing
 + Level 4.2 Dodging


You had 4 spell levels left.
You didn't know any spells.

Dungeon Overview and Level Annotations

Branches:
Dungeon (4/15)
 Temple: D:4-7

Altars:
Cheibriados
Qazlal
Xom
Zin

Annotations:
D:3 skimmer's ghost, amateur GrVM


Innate Abilities, Weirdness & Mutations

Your plain brown scales are hard (AC +5).
Your body does not fit into most forms of armour.
You are cold-blooded and may be slowed by cold attacks.


Message History

You hit the orc.
The orc is lightly wounded.
The orc hits you.
* * * LOW HITPOINT WARNING * * *
You hit the orc but do no damage.
You tail-slap the orc, but do no damage.
The orc is lightly wounded.
You barely miss the orc.
The orc is lightly wounded.
The orc hits you but does no damage.
You hit the orc.
The orc is heavily wounded.
The orc hits you.
* * * LOW HITPOINT WARNING * * *
You barely miss the orc.
The orc is heavily wounded.
The orc hits you.
* * * LOW HITPOINT WARNING * * *
The orc hits you.
You die...

### ###.# #######
#####...# #####.....#
#.......#####..........
#)#...........##.......
#.#.#.######..#........
#.#.#.......)>)........
#.#.#.@####..##........
#.#.#.o###...##.<..##'#
#.#....#.....##....##.#
#.##...#....###....##..
#.##..........'....###.
#.##......#####....# #.
#....#......# ###### ##
######.##.#.# #
#.....##.#.# #


You could see an orc.

Vanquished Creatures
  An iguana (D:4)
  A hound (D:4)
  4 adders
  2 gnolls (D:4)
  2 oozes
  A worm (D:2)
  3 orcs
  A ball python (D:1)
  15 goblins
  5 hobgoblins
  6 jackals
  4 kobolds
  6 bats
  2 giant cockroaches
  4 giant newts
  11 rats
68 creatures vanquished.

Notes
Turn   | Place    | Note
--------------------------------------------------------------
     0 | D:1      | Clownie the Draconian Gladiator began the quest for the Orb.
     0 | D:1      | Reached XP level 1. HP: 17/17 MP: 1/1
   240 | D:1      | Reached XP level 2. HP: 16/24 MP: 2/2
   771 | D:1      | Reached XP level 3. HP: 29/29 MP: 3/3
  1151 | D:2      | Reached skill level 4 in Maces & Flails
  1393 | D:2      | Reached XP level 4. HP: 33/36 MP: 4/4
  1618 | D:2      | Found a snail-covered altar of Cheibriados.
  1985 | D:3      | Noticed skimmer's ghost (amateur GrVM)
  2864 | D:4      | Reached XP level 5. HP: 37/41 MP: 5/5
  2916 | D:4      | Found a glowing silver altar of Zin.
  2917 | D:4      | Noticed an angel
  2917 | D:4      | Found a shimmering altar of Xom.
  3170 | D:4      | Found a stormy altar of Qazlal.
  3207 | D:3      | Reached skill level 5 in Maces & Flails
  3217 | D:3      | HP: 2/41 [orc (2)]
  3228 | D:3      | Slain by an orc

Action                   |  1- 3 |  4- 6 || total
-------------------------+-------+-------++-------
Melee: Whip              |   149 |   192 ||   341
       Flail             |     8 |       ||     8
Throw: Throwing net      |       |     3 ||     3
  Use: Potion            |       |     3 ||     3
       Scroll            |       |     2 ||     2
 Stab: Sleeping          |     1 |       ||     1
       Held in net/web   |       |     3 ||     3
  Eat: Chunk             |     2 |     4 ||     6
